 Dungeon Crawl Stone Soup version 0.28-a0-422-gd71735cc25 (webtiles) character file.

Game seed: 1948005959521684066

7886 heikuro the Carver (level 11, -6/87 HPs)
             Began as a Formicid Fighter on Sept 8, 2021.
             Was an Initiate of Gozag.
             Mangled by a death yak (21 damage)
             ... on level 8 of the Dungeon.
             The game lasted 00:21:53 (11873 turns).

heikuro the Carver (Formicid Fighter)              Turns: 11873, Time: 00:21:54

Health: -6/87      AC: 17    Str: 23    XL:     11   Next: 45%
Magic:  11/11      EV:  7    Int:  7    God:    Gozag
Gold:   1414       SH: 12    Dex: 12    Spells: 10/10 levels left

rFire   . . .      SeeInvis +   a - +0 great sword
rCold   . . .      Faith    .   B - +2 kite shield
rNeg    . . .      Spirit   .   k - +0 plate armour
rPois   .          Reflect  .   (helmet unavailable)
rElec   .          Harm     .   (no cloak)
rCorr   +          Rampage  .   n - +0 pair of gloves
Will    +....                   (no boots)
Stlth   ..........              (no amulet)
HPRegen 0.24/turn               e - ring of resist corrosion
MPRegen 0.12/turn               (no ring)

@: gold aura
A: permanent stasis, dig shafts and tunnels, antennae 3, four strong arms,
iridescent scales 1, MP-powered wands
a: Dig, Shaft Self, Renounce Religion, Potion Petition, Call Merchant, Bribe
Branch


You were on level 8 of the Dungeon.
You worshipped Gozag.
Gozag was most pleased with you.
You visited 2 branches of the dungeon, and saw 10 of its levels.
You also visited: Sewer.

You collected 1647 gold pieces.
You spent 216 gold pieces at shops.
You paid 17 gold pieces to Gozag.

Inventory:

Hand Weapons
 a - a +0 great sword (weapon)
 s - a +2 short sword of flaming
 y - a +2 falchion of holy wrath
Missiles
 i - 11 boomerangs
 I - 6 silver boomerangs
Armour
 k - a +0 plate armour (worn)
 n - a +0 pair of gloves (worn)
 B - a +2 kite shield (worn)
 H - +0 swamp dragon scales
 K - a +2 cloak
Jewellery
 e - a ring of resist corrosion (left hand)
 F - a ring of positive energy
Wands
 q - a wand of mindburst (6)
 z - a wand of iceblast (11)
Scrolls
 c - a scroll of fear {unknown}
 g - 3 scrolls of enchant weapon {unknown}
 l - 2 scrolls of blinking {unknown}
 m - 2 scrolls of magic mapping
 p - 2 scrolls of noise {unknown}
 w - a scroll of amnesia {unknown}
 C - a scroll of immolation {unknown}
 E - a scroll of vulnerability {unknown}
 G - 2 scrolls of acquirement {unknown}
 J - a scroll of teleportation {unknown}
Potions
 b - 3 potions of flight
 d - 2 potions of might
 f - 3 potions of magic
 h - 2 potions of resistance
 j - a potion of ambrosia
 o - a potion of attraction {unknown}
 r - 3 potions of heal wounds
 t - 2 potions of mutation
 u - a potion of cancellation {unknown}
 v - 2 potions of invisibility
 x - a potion of curing {unknown}
 A - 2 potions of degeneration {unknown}
 D - a potion of lignification {unknown}


   Skills:
 + Level 8.5 Fighting
 * Level 10.2 Long Blades
 + Level 8.4 Armour
 + Level 9.1 Shields
 + Level 6.9 Evocations


You had 10 spell levels left.
You didn't know any spells.
Your spell library contained the following spells:

 Spells                   Type           Power      Damage    Failure   Level
 Shock                    Conj/Air       0%         1d3       99%         1
 Passwall                 Tmut/Erth      0%         N/A       100%        2
 Gell's Gravitas          Tloc           0%         N/A       100%        3
 Teleport Other           Tloc           0%         N/A       100%        3
 Airstrike                Air            0%         N/A       100%        4
 Hailstorm                Conj/Ice       0%         3d3       100%        4
 Ice Form                 Ice/Tmut       0%         N/A       100%        4
 Summon Lightning Spire   Summ/Air       0%         N/A       100%        4
 Lightning Bolt           Conj/Air       0%         1d11      100%        5
 Dispersal                Tloc           0%         N/A       100%        6
 Invisibility             Hex            0%         N/A       100%        6
 Simulacrum               Ice/Necr       0%         N/A       100%        6
 Swiftness                Air            Unusable   N/A       N/A         3

Dungeon Overview and Level Annotations

Branches:
Dungeon (9/15)             Temple (1/1) D:7           Sewer (visited)
   Lair: D:8-11         Orc: D:9-12

Altars:
Ashenzari
Cheibriados
Dithmenos
Elyvilon
Fedhas
Gozag
Hepliaklqana
Kikubaaqudgha
Makhleb
Nemelex Xobeh
Okawaru
Qazlal
Ru
Sif Muna
Trog
Uskayaw
Vehumet
Wu Jian
Xom
Yredelemnul
Zin
The Shining One

Shops:
D:3 (   D:9 (

Annotations:
D:5 2 runed translucent doors, zdrol's ghost, novice MiFi


Innate Abilities, Weirdness & Mutations

You cannot be hasted, slowed, berserked, paralysed or teleported.
You can dig through walls and to a lower floor.
You have a pair of large antennae on your head. (SInv)
Your four strong arms can wield two-handed weapons with a shield.
You are partially covered in iridescent scales. (AC +2)
You expend magic power (3 MP) to strengthen your wands.


Message History

You slash the death yak!
The death yak is severely wounded.
The death yak gores you.
You slash the death yak!
The death yak is severely wounded.
The death yak gores you.
You hit the death yak.
The death yak is severely wounded.
You block the death yak's attack.
You slice the death yak!!
You kill the death yak!
You hit the death yak.
The death yak is lightly wounded.
The death yak gores you.
You hit the death yak but do no damage.
The death yak is lightly wounded.
The death yak completely misses you.
The death yak gores you but does no damage.
You barely miss the death yak.
The death yak is lightly wounded.
The death yak gores you!
* * * LOW HITPOINT WARNING * * *
You slash the death yak!
The death yak is lightly wounded.
You block the death yak's attack.
Your plate armour prevents you from hitting the death yak.
The death yak is lightly wounded.
The death yak gores you!
* * * LOW HITPOINT WARNING * * *
You slash the death yak!
The death yak is moderately wounded.
You block the death yak's attack.
You slash the death yak!
The death yak is moderately wounded.
The death yak barely misses you.
You barely miss the death yak.
The death yak is moderately wounded.
The death yak barely misses you. The death yak gores you!!
You die...
Your body crumbles into a pile of gold.

#.##.#.>......# #####..#
#.#...........###.......
#.#.................#.(#
#.#...........###...#..#
########.####........# #####..#
#............>.......######....
#.###.##.#####....#............
#.# #....# #Y#)##..######....
#.###.#### ##@#.##..######....
#.....# #............##....
###.### #..###...###.###### #.#
#..# #...# #.######
#.#########..###...# #.......
#............#....[# ########
#.#########.##.#..## ## #.#
#.##.#(.##########.
#.#########.##.#.......<.....


You could see a death yak.

Vanquished Creatures
  2 two-headed ogres
  2 death yaks (D:8)
  A manticore (D:8)
  Maggie (D:8)
  3 trolls (D:9)
  2 steam dragons (D:8)
  Menkaure (D:6)
  2 water moccasins
  A sky beast (D:7)
  5 orc warriors
  A black bear (D:6)
  2 ogres
  A necrophage (D:5)
  5 centaurs
  A kobold brigand (Sewer)
  2 phantoms (D:4)
  7 bullfrogs
  3 gnoll sergeants
  3 scorpions
  A wyvern zombie (D:7)
  A wyvern skeleton (D:7)
  3 wights (D:6)
  2 bullfrog zombies (D:6)
  2 hounds
  2 centaur zombies
  A gnoll shaman (D:6)
  3 centaur skeletons
  A bullfrog skeleton (D:6)
  Terence (D:3)
  2 iguanas
  A hell rat (D:9)
  6 orc wizards
  A hound skeleton (D:4)
  12 gnolls
  6 river rats
  8 adders
  A howler monkey skeleton (D:7)
  A shadow imp (D:3)
  5 white imps
  An ufetubus (D:6)
  A dart slug (D:3)
  14 orcs
  4 bats
  4 endoplasms
  5 giant cockroaches (D:4)
  7 goblins
  6 hobgoblins
  2 jackals (D:2)
  9 quokkas
  6 ball pythons
  2 frilled lizards
  19 kobolds
  26 rats
211 creatures vanquished.

Vanquished Creatures (others)
  10 fungi (D:4)
10 creatures vanquished.

Grand Total: 221 creatures vanquished

Notes
Turn   | Place    | Note
-------+----------+-------------------------------------------
     0 | D:1      | heikuro the Formicid Fighter began the quest for the Orb.
     0 | D:1      | Reached XP level 1. HP: 18/18 MP: 1/1
   175 | D:1      | Found a faded altar of an unknown god.
   234 | D:1      | Became a worshipper of Ru the Awakened
   338 | D:1      | Reached XP level 2. HP: 24/24 MP: 2/2
  1081 | D:2      | Reached XP level 3. HP: 29/29 MP: 3/3
  1253 | D:2      | Found a blossoming altar of Fedhas.
  1487 | D:3      | Found Epho Evy's Antique Weapon Emporium.
  1520 | D:3      | Reached XP level 4. HP: 34/37 MP: 4/4
  1524 | D:3      | Reached skill level 3 in Long Blades
  1725 | D:3      | Found an opulent altar of Gozag.
  1732 | D:3      | Found a blossoming altar of Fedhas.
  1733 | D:3      | Found a shadowy altar of Dithmenos.
  1734 | D:3      | Found a sacrificial altar of Ru.
  1736 | D:3      | Found a bloodstained altar of Trog.
  1737 | D:3      | Found a glowing golden altar of the Shining One.
  1750 | D:3      | Fell from the grace of Ru
  1750 | D:3      | Became a worshipper of Gozag Ym Sagoz the Greedy
  1797 | D:3      | Noticed Terence
  2160 | D:3      | Killed Terence
  2321 | D:3      | Noticed a centaur
  2331 | D:3      | Killed a centaur
  2332 | D:3      | Reached XP level 5. HP: 8/42 MP: 5/5
  2645 | D:4      | Reached XP level 6. HP: 41/48 MP: 6/6
  2721 | D:4      | Reached skill level 4 in Long Blades
  2763 | D:4      | Found a glowing drain.
  2795 | Sewer    | Entered a sewer
  3200 | Sewer    | Reached skill level 1 in Evocations
  3386 | Sewer    | Gained mutation: Your flesh is cold resistant. (rC+)
                  | [potion of mutation]
  3386 | Sewer    | Gained mutation: You are clumsy. (Dex -2) [potion of
                  | mutation]
  3386 | Sewer    | Gained mutation: You expend magic power (3 MP) to
                  | strengthen your wands. [potion of mutation]
  3387 | Sewer    | Lost mutation: You expend magic power (3 MP) to strengthen
                  | your wands. [potion of mutation]
  3387 | Sewer    | Lost mutation: You are clumsy. (Dex -2) [potion of
                  | mutation]
  3387 | Sewer    | Lost mutation: Your flesh is cold resistant. (rC+) [potion
                  | of mutation]
  3387 | Sewer    | Gained mutation: You expend magic power (3 MP) to
                  | strengthen your wands. [potion of mutation]
  3387 | Sewer    | Gained mutation: You are partially covered in iridescent
                  | scales. (AC +2) [potion of mutation]
  3418 | Sewer    | Reached skill level 5 in Shields
  3423 | Sewer    | Reached XP level 7. HP: 55/55 MP: 7/7
  3800 | D:4      | Found an ornate altar of the Wu Jian Council.
  4056 | D:5      | Entered Level 5 of the Dungeon
  4120 | D:5      | Reached skill level 5 in Long Blades
  4651 | D:5      | Reached skill level 5 in Armour
  4706 | D:5      | Found a runed translucent door.
  4708 | D:5      | Noticed zdrol's ghost (novice MiFi)
  4738 | D:5      | Found a runed translucent door.
  4820 | D:5      | Reached skill level 5 in Fighting
  4820 | D:5      | Reached XP level 8. HP: 62/62 MP: 4/8
  5185 | D:3      | Bought a glowing falchion for 132 gold pieces
  5278 | D:6      | Noticed a two-headed ogre
  5702 | D:6      | Reached skill level 6 in Long Blades
  5861 | D:6      | Killed a two-headed ogre
  5862 | D:6      | Reached skill level 7 in Long Blades
  5862 | D:6      | Reached XP level 9. HP: 69/69 MP: 2/9
  7384 | D:7      | Reached skill level 8 in Long Blades
  7384 | D:7      | Reached XP level 10. HP: 68/77 MP: 10/10
  7502 | D:7      | Reached skill level 5 in Evocations
  7641 | D:7      | Noticed Menkaure
  7892 | D:6      | Killed Menkaure
  7966 | D:7      | Found a staircase to the Ecumenical Temple.
  8068 | D:7      | Noticed a two-headed ogre
  8078 | D:7      | Killed a two-headed ogre
  8258 | Temple   | Entered the Ecumenical Temple
  8515 | D:7      | Reached skill level 9 in Long Blades
  8789 | D:8      | Noticed a manticore
  8794 | D:8      | Killed a manticore
  9140 | D:8      | Noticed Maggie
  9394 | D:8      | Killed Maggie
  9942 | D:8      | Found a shimmering blue altar of Sif Muna.
 10098 | D:9      | Found Musarom's Weapon Emporium.
 10108 | D:9      | Bought a +0 great sword for 84 gold pieces
 10479 | D:9      | Reached XP level 11. HP: 53/86 MP: 11/11
 11051 | D:9      | Noticed a death yak
 11611 | D:9      | Noticed a death yak
 11612 | D:9      | Noticed a death yak
 11658 | D:8      | Killed a death yak
 11659 | D:8      | Reached skill level 10 in Long Blades
 11865 | D:8      | Killed a death yak
 11873 | D:8      | Mangled by a death yak

Illustrated notes

Levels and vault maps discovered:
D:1:      minmay_arrival_jagged, layout_basic,
          hellmonk_ecumenical_altar_heavens_door
D:2:      layout_rooms, basic_altar
D:3:      layout_rooms, minitemple, serial_shops, shop, uniq_terence
D:4:      layout_rooms, mainiacjoe_overflow_cross_hatched, gup_sewer_entry_pipe
D:5:      layout_gridville, ebering_ghost_sewer_f, hangedman_decor_lopped
D:6:      layout_loops_ring, hangedman_minor_gate_pass
D:7:      layout_rooms, minmay_temple_entry_mist, serial_glass, glass_columns_c,
          glass_columns_b, glass_columns_a, item_on_display_a,
          minmay_increasing_density, uniq_menkaure
D:8:      layout_loops_ring, led_sif_pool, minmay_misc_feat_rows, uniq_maggie
D:9:      layout_gridville, dpeg_lair_monsters, serial_shops,
          nicolae_stop_n_shop_1
Temple:   eino_temple_lava

Skill      XL: |  1  2  3  4  5  6  7  8  9 10 11 |
---------------+----------------------------------+-----
Shields        | 4 5 6 7 8 9 |  9.1
Long Blades    | 3 4 5 7 8 9 10 | 10.2
Fighting       | 4 5 6 7 8 |  8.5
Armour         | 4 5 6 7 8 |  8.4
Evocations     | 1 2 4 6 |  6.9

Action                   |  1- 3 |  4- 6 |  7- 9 | 10-12 || total
-------------------------+-------+-------+-------+-------++-------
Melee: Long sword        |   108 |   185 |   120 |       ||   413
       Falchion          |       |       |   173 |   206 ||   379
       Great sword       |       |       |       |   145 ||   145
 Abil: Dig               |       |       |       |     1 ||     1
Evoke: Wand              |       |       |     7 |    12 ||    19
  Use: Potion            |       |     3 |     1 |       ||     4
       Scroll            |       |     3 |     3 |     3 ||     9
Armor: Scale mail        |    26 |       |       |       ||    26
       Plate armour      |    25 |   150 |   203 |   117 ||   495
       Swamp dragon scal |       |       |       |    28 ||    28
Dodge: Dodged            |    47 |    70 |    87 |    95 ||   299
Block: Buckler           |    32 |    50 |    43 |       ||   125
       Kite shield       |       |       |    87 |   233 ||   320

Table legend: (Time is in decaauts)
 A = Elapsed time spent in this place.
 B = Non-inter-level travel time spent in this place.
 C = Inter-level travel time spent in this place.
 D = Time resting spent in this place.
 E = Time spent auto-exploring this place.
 F = Levels seen in this place.
 G = Mean time per level.
                   A        B        C        D        E       F      G
               +--------+--------+--------+--------+--------+-----+--------+
         Total |  12017 |  11563 |    454 |   3518 |   4689 |  11 | 1092.5 |
       Dungeon |  11043 |  10598 |    445 |   3289 |   4394 |   9 | 1227.0 |
        Temple |     64 |     55 |      9 |      0 |     47 |   1 |   64.0 |
         Sewer |    909 |    909 |      0 |    229 |    248 |   1 |  909.0 |
               +--------+--------+--------+--------+--------+-----+--------+

Top non-repeatable levels by time:
     D:8: 2179 daAuts
     D:6: 1792 daAuts
     D:5: 1584 daAuts
     D:3: 1165 daAuts
     D:9: 1089 daAuts
     D:7: 1086 daAuts
     D:1: 992 daAuts
   Sewer: 909 daAuts
     D:4: 617 daAuts
     D:2: 536 daAuts
  Temple: 64 daAuts
